PL
RICHARDSON CITY THUNDERCATS @ CHICAGO GOLD SOX
08/22/2024
 
TOP OF THE 1ST
Richardson City Thundercats batting - Pitching for Chicago Gold Sox : RHP Ralph McKinney
Pitching: RHP Ralph McKinney
Batting: RHB Chriss Mann 0-0: Called Strike
0-1: Ground out 6-3 (Groundball, 6)
Batting: LHB Eduardo Álvarez 0-0: Ball
1-0: Swinging Strike
1-1: Foul Ball, location: 2F
1-2: Ground out 4-3 (Groundball, 4)
Batting: SHB Seishiro Nishimura 0-0: Ball
1-0: Ball
2-0: Called Strike
2-1: Ball
3-1: Fly out, F7 (Flyball, 7S)
Top of the 1st over - 0 run(s), 0 hit(s), 0 error(s), 0 left on base; Richardson City 0 - Chicago 0
BOTTOM OF THE 1ST
Chicago Gold Sox batting - Pitching for Richardson City Thundercats : RHP Eduardo Díaz
Pitching: RHP Eduardo Díaz
Batting: RHB Rod Jones 0-0: Ball
1-0: Ball
2-0: Ball
3-0: Base on Balls
Batting: LHB William Wise 0-0: Ball
1-0: Called Strike
1-1: Ball
2-1: Swinging Strike
2-2: Foul Ball, location: 2F
2-2: SINGLE (Line Drive, 6MD)
Rod Jones to second
Rod Jones to third
Batting: LHB Melvin Castro 0-0: Ball
1-0: Called Strike
1-1: Ball
2-1: Foul Ball, location: 2F
2-2: DOUBLE (Line Drive, 89D)
Rod Jones scores
William Wise to third
Batting: LHB Noel Ballard 0-0: Ball
1-0: Called Strike
1-1: Ground out 6-3 (Groundball, 6)
William Wise scores
Batting: LHB Eddie Flynn 0-0: Foul Ball, location: 2F
0-1: DOUBLE (Line Drive, 78D)
Melvin Castro scores
Batting: LHB Sam Good 0-0: Swinging Strike
0-1: Ball
1-1: Foul Ball, location: 2F
1-2: Ball
2-2: Strikes out swinging
Batting: RHB Alfredo López 0-0: Ground out U3 (Groundball, 3L)
Bottom of the 1st over - 3 run(s), 3 hit(s), 0 error(s), 1 left on base; Richardson City 0 - Chicago 3
TOP OF THE 2ND
Richardson City Thundercats batting - Pitching for Chicago Gold Sox : RHP Ralph McKinney
Batting: LHB Terrence Eler 0-0: Ball
1-0: Ball
2-0: Ball
3-0: Fly out, F7 (Flyball, 7M)
Batting: RHB Juan Cabrera 0-0: SINGLE (Line Drive, 4MD)
Batting: LHB Fernando Ramírez 0-0: Swinging Strike
0-1: Swinging Strike
0-2: Ball
1-2: Ball
2-2: Ball
3-2: Strikes out swinging
Batting: RHB Joey Jones 0-0: Ball
Wild Pitch!
Juan Cabrera to second
1-0: Swinging Strike
1-1: Ball
2-1: DOUBLE (Line Drive, 7LM)
Juan Cabrera scores
Batting: RHB Sancho Balderas 0-0: Called Strike
0-1: Ball
1-1: Swinging Strike
1-2: Ball
2-2: Ball
3-2: SINGLE (Flyball, 89S)
Joey Jones to third
Joey Jones scores
Batting: RHB Nate Cates 0-0: Ball
1-0: Foul Ball, location: 2F
1-1: Ball
2-1: Called Strike
2-2: 2-RUN HOME RUN (Flyball, 7D), Distance : 397 ft
Batting: RHB Chriss Mann 0-0: Ball
1-0: Ground out 5-3 (Groundball, 5)
Top of the 2nd over - 4 run(s), 4 hit(s), 0 error(s), 0 left on base; Richardson City 4 - Chicago 3
BOTTOM OF THE 2ND
Chicago Gold Sox batting - Pitching for Richardson City Thundercats : RHP Eduardo Díaz
Batting: LHB Chris Hill 0-0: Ball
1-0: Foul Ball, location: 2F
1-1: Ball
2-1: Foul Ball, location: 2F
2-2: Strikes out looking
Batting: RHB Takeru Sanu 0-0: Ball
1-0: Swinging Strike
1-1: Swinging Strike
1-2: Foul Ball, location: 2F
1-2: Ball
2-2: Ball
3-2: Strikes out looking
Batting: RHB Rod Jones 0-0: Ball
1-0: Foul Ball, location: 2F
1-1: Ball
2-1: Foul Ball, location: 2F
2-2: Strikes out looking
Bottom of the 2nd over - 0 run(s), 0 hit(s), 0 error(s), 0 left on base; Richardson City 4 - Chicago 3
TOP OF THE 3RD
Richardson City Thundercats batting - Pitching for Chicago Gold Sox : RHP Ralph McKinney
Batting: LHB Eduardo Álvarez 0-0: Called Strike
0-1: Ball
1-1: Called Strike
1-2: Ball
2-2: Ball
3-2: Foul Ball, location: 2F
3-2: Strikes out swinging
Batting: SHB Seishiro Nishimura 0-0: Ball
1-0: Fly out, F8 (Flyball, 8LM)
Batting: LHB Terrence Eler 0-0: Ball
1-0: Swinging Strike
1-1: Called Strike
1-2: Ball
2-2: Foul Ball, location: 2F
2-2: Strikes out swinging
Top of the 3rd over - 0 run(s), 0 hit(s), 0 error(s), 0 left on base; Richardson City 4 - Chicago 3
BOTTOM OF THE 3RD
Chicago Gold Sox batting - Pitching for Richardson City Thundercats : RHP Eduardo Díaz
Batting: LHB William Wise 0-0: Foul Ball, location: 2F
0-1: Fly out, F7 (Flyball, 7S)
Batting: LHB Melvin Castro 0-0: Ball
1-0: Ball
2-0: Fly out, F8 (Flyball, 89XD)
Batting: LHB Noel Ballard 0-0: Ball
1-0: Ball
2-0: Ball
3-0: Called Strike
3-1: Base on Balls
Batting: LHB Eddie Flynn 0-0: Called Strike
0-1: Ball
1-1: Foul Ball, location: 2F
1-2: Ball
2-2: Strikes out swinging
Bottom of the 3rd over - 0 run(s), 0 hit(s), 0 error(s), 1 left on base; Richardson City 4 - Chicago 3
TOP OF THE 4TH
Richardson City Thundercats batting - Pitching for Chicago Gold Sox : RHP Ralph McKinney
Pitching: RHP Sixto Palaeios
Batting: RHB Juan Cabrera 0-0: Fly out, F8 (Flyball, 8LS)
Batting: LHB Fernando Ramírez 0-0: Called Strike
0-1: Foul Ball, location: 2F
0-2: Ball
1-2: Ball
2-2: SINGLE (Flyball, 8RS)
Batting: RHB Joey Jones 0-0: Foul Ball, location: 2F
0-1: Foul Ball, location: 2F
0-2: Foul Ball, location: 2F
0-2: Foul Ball, location: 2F
0-2: Fielders Choice at 2nd, 3-6 (Groundball, 3)
Batting: RHB Sancho Balderas 0-0: Ball
1-0: Ground out 5-3 (Groundball, 5S)
Top of the 4th over - 0 run(s), 1 hit(s), 0 error(s), 1 left on base; Richardson City 4 - Chicago 3
BOTTOM OF THE 4TH
Chicago Gold Sox batting - Pitching for Richardson City Thundercats : RHP Eduardo Díaz
Batting: LHB Sam Good 0-0: Ball
1-0: Called Strike
1-1: Foul Ball, location: 2F
1-2: Ball
2-2: Ball
3-2: Base on Balls
Batting: RHB Alfredo López 0-0: Called Strike
0-1: Called Strike
0-2: Grounds into double play, 5-4-3 (Groundball, 5L)
Batting: LHB Chris Hill 0-0: Ball
1-0: Ball
2-0: Called Strike
2-1: Fly out, F7 (Flyball, 7LMF)
Bottom of the 4th over - 0 run(s), 0 hit(s), 0 error(s), 0 left on base; Richardson City 4 - Chicago 3
TOP OF THE 5TH
Richardson City Thundercats batting - Pitching for Chicago Gold Sox : RHP Sixto Palaeios
Batting: RHB Nate Cates 0-0: Ball
1-0: Foul Ball, location: 2F
1-1: Called Strike
1-2: Ball
2-2: Strikes out swinging
Batting: RHB Chriss Mann 0-0: Ball
1-0: Foul Ball, location: 2F
1-1: Ground out 6-3 (Groundball, 6)
Batting: LHB Eduardo Álvarez 0-0: Foul Ball, location: 2F
0-1: Ball
1-1: Ball
2-1: Called Strike
2-2: Strikes out swinging
Top of the 5th over - 0 run(s), 0 hit(s), 0 error(s), 0 left on base; Richardson City 4 - Chicago 3
BOTTOM OF THE 5TH
Chicago Gold Sox batting - Pitching for Richardson City Thundercats : RHP Eduardo Díaz
Batting: RHB Takeru Sanu 0-0: Ball
1-0: Called Strike
1-1: Fly out, F7 (Flyball, 78M)
Batting: RHB Rod Jones 0-0: Ball
1-0: Swinging Strike
1-1: Ball
2-1: Called Strike
2-2: Ball
3-2: Strikes out swinging
Batting: LHB William Wise 0-0: Foul Ball, location: 2F
0-1: Fly out, F7 (Flyball, 7M)
Bottom of the 5th over - 0 run(s), 0 hit(s), 0 error(s), 0 left on base; Richardson City 4 - Chicago 3
TOP OF THE 6TH
Richardson City Thundercats batting - Pitching for Chicago Gold Sox : RHP Sixto Palaeios
Batting: SHB Seishiro Nishimura 0-0: SOLO HOME RUN (Flyball, 9D), Distance : 382 ft
Batting: LHB Terrence Eler 0-0: Ball
1-0: SINGLE (Flyball, 78S)
Batting: RHB Juan Cabrera 0-0: Ball
1-0: Foul Ball, location: 2F
1-1: Foul Ball, location: 2F
1-2: Ball
2-2: Foul Ball, location: 2F
2-2: Foul Ball, location: 2F
2-2: Fielders Choice at 2nd, 6-4 (Groundball, 6M)
Batting: LHB Fernando Ramírez 0-0: SINGLE (Groundball, 3D)
Juan Cabrera to second
Runner from 2nd tries for 3rd, SAFE, no throw or cutoff
Batting: RHB Joey Jones 0-0: Called Strike
0-1: Foul Ball, location: 2F
0-2: Foul Ball, location: 2F
0-2: Grounds into double play, 6-4-3 (Groundball, 6)
Top of the 6th over - 1 run(s), 3 hit(s), 0 error(s), 1 left on base; Richardson City 5 - Chicago 3
BOTTOM OF THE 6TH
Chicago Gold Sox batting - Pitching for Richardson City Thundercats : RHP Eduardo Díaz
Batting: LHB Melvin Castro 0-0: Ground out 4-3 (Groundball, 4)
Batting: LHB Noel Ballard 0-0: Called Strike
0-1: Ball
1-1: Called Strike
1-2: Foul Ball, location: 2F
1-2: Foul Ball, location: 2F
1-2: Ball
2-2: Ball
3-2: Fly out, F7 (Popup, 5D)
Batting: LHB Eddie Flynn 0-0: Ball
1-0: Ball
2-0: Fly out, F8 (Popup, 8RS)
Bottom of the 6th over - 0 run(s), 0 hit(s), 0 error(s), 0 left on base; Richardson City 5 - Chicago 3
TOP OF THE 7TH
Richardson City Thundercats batting - Pitching for Chicago Gold Sox : RHP Sixto Palaeios
Batting: RHB Sancho Balderas 0-0: Called Strike
0-1: Ground out 6-3 (Groundball, 6)
Batting: RHB Nate Cates 0-0: Ball
1-0: Swinging Strike
1-1: Ball
2-1: Swinging Strike
2-2: Foul Ball, location: 2F
2-2: Fly out, F3 (Popup, 3)
Batting: RHB Chriss Mann 0-0: Fly out, F3 (Popup, 13)
Top of the 7th over - 0 run(s), 0 hit(s), 0 error(s), 0 left on base; Richardson City 5 - Chicago 3
BOTTOM OF THE 7TH
Chicago Gold Sox batting - Pitching for Richardson City Thundercats : RHP Eduardo Díaz
Batting: LHB Sam Good 0-0: Ball
1-0: Called Strike
1-1: Fly out, F7 (Flyball, 78D)
Batting: RHB Alfredo López 0-0: Ball
1-0: Called Strike
1-1: Ball
2-1: Foul Ball, location: 2F
2-2: Ball
3-2: Base on Balls
Pitching: RHP Ryan Davis
Batting: LHB Chris Hill 0-0: 2-RUN HOME RUN (Line Drive, 9D), Distance : 370 ft
Batting: RHB Takeru Sanu 0-0: Ball
1-0: Ball
2-0: Called Strike
2-1: Foul Ball, location: 2F
2-2: Strikes out swinging
Batting: RHB Rod Jones 0-0: Ball
1-0: Ball
2-0: Ball
3-0: Called Strike
3-1: Foul Ball, location: 2F
3-2: Strikes out swinging
Bottom of the 7th over - 2 run(s), 1 hit(s), 0 error(s), 0 left on base; Richardson City 5 - Chicago 5
TOP OF THE 8TH
Richardson City Thundercats batting - Pitching for Chicago Gold Sox : RHP Sixto Palaeios
Batting: LHB Eduardo Álvarez 0-0: Called Strike
0-1: Fly out, F9 (Flyball, 89M)
Pitching: RHP Augusto Dávila
Batting: SHB Seishiro Nishimura 0-0: Called Strike
0-1: SINGLE (Groundball, 6MD)
Batting: LHB Terrence Eler 0-0: Called Strike
0-1: Hit by Pitch
Seishiro Nishimura to second
Batting: RHB Juan Cabrera 0-0: Ball
1-0: Called Strike
1-1: Ball
2-1: Foul Ball, location: 2F
2-2: Fielders Choice at 2nd, 1-4 (Groundball, 23)
Seishiro Nishimura to third
Batting: LHB Fernando Ramírez 0-0: Ball
1-0: Foul Ball, location: 2F
1-1: Ball
2-1: Ball
3-1: Called Strike
3-2: Strikes out looking
Top of the 8th over - 0 run(s), 1 hit(s), 0 error(s), 2 left on base; Richardson City 5 - Chicago 5
BOTTOM OF THE 8TH
Chicago Gold Sox batting - Pitching for Richardson City Thundercats : RHP Ryan Davis
Batting: LHB William Wise 0-0: Called Strike
0-1: Ball
1-1: Swinging Strike
1-2: Strikes out swinging
Batting: LHB Melvin Castro 0-0: Ball
1-0: Called Strike
1-1: SOLO HOME RUN (Line Drive, 9LD), Distance : 371 ft
Pitching: LHP Javier Ramírez
Batting: LHB Noel Ballard 0-0: Fly out, F8 (Flyball, 8RM)
Batting: LHB Eddie Flynn 0-0: Ball
1-0: Foul Ball, location: 2F
1-1: Called Strike
1-2: Ball
2-2: Foul Ball, location: 2F
2-2: Ball
3-2: DOUBLE (Line Drive, 89D)
Batting: LHB Sam Good 0-0: Ball
1-0: Ball
2-0: Ball
3-0: Called Strike
3-1: Base on Balls
Batting: RHB Alfredo López 0-0: Called Strike
0-1: Swinging Strike
0-2: Fly out, F9 (Flyball, 9S)
Bottom of the 8th over - 1 run(s), 2 hit(s), 0 error(s), 2 left on base; Richardson City 5 - Chicago 6
TOP OF THE 9TH
Richardson City Thundercats batting - Pitching for Chicago Gold Sox : RHP Augusto Dávila
Pitching: LHP Juan Júlio
Now in RF: Brady Ferris
Batting: RHB Joey Jones 0-0: Called Strike
0-1: Fly out, F8 (Flyball, 8LD)
Batting: RHB Sancho Balderas 0-0: Called Strike
0-1: Ball
1-1: Ball
2-1: Ball
3-1: SOLO HOME RUN (Flyball, 7LD), Distance : 373 ft
Batting: RHB Nate Cates 0-0: Ball
1-0: Ball
2-0: Called Strike
2-1: Foul Ball, location: 2F
2-2: Ball
3-2: Base on Balls
Batting: RHB Chriss Mann 0-0: Ball
1-0: Called Strike
1-1: Ball
2-1: Fly out, F6 (Line Drive, 6)
Batting: LHB Eduardo Álvarez 0-0: Called Strike
0-1: Ball
1-1: Called Strike
1-2: Foul Ball, location: 2F
1-2: Strikes out swinging
Top of the 9th over - 1 run(s), 1 hit(s), 0 error(s), 1 left on base; Richardson City 6 - Chicago 6
BOTTOM OF THE 9TH
Chicago Gold Sox batting - Pitching for Richardson City Thundercats : LHP Javier Ramírez
Batting: LHB Chris Hill 0-0: Called Strike
0-1: Foul Ball, location: 2F
0-2: Foul Ball, location: 2F
0-2: Ground out 6-3 (Groundball, 6)
Batting: RHB Takeru Sanu 0-0: Ball
1-0: Foul Ball, location: 2F
1-1: Swinging Strike
1-2: Foul Ball, location: 2F
1-2: Strikes out swinging
Batting: RHB Rod Jones 0-0: Ball
1-0: Ground out 5-3 (Groundball, 5S)
Bottom of the 9th over - 0 run(s), 0 hit(s), 0 error(s), 0 left on base; Richardson City 6 - Chicago 6
TOP OF THE 10TH
Richardson City Thundercats batting - Pitching for Chicago Gold Sox : LHP Juan Júlio
Batting: SHB Seishiro Nishimura 0-0: Ball
1-0: Swinging Strike
1-1: Swinging Strike
1-2: Ball
2-2: Hit by Pitch
Batting: LHB Terrence Eler 0-0: Called Strike
0-1: Ball
1-1: Foul Ball, location: 2F
1-2: Strikes out swinging
Batting: RHB Juan Cabrera 0-0: Ball
Wild Pitch!
Seishiro Nishimura to second
1-0: Intentional Walk
Batting: LHB Fernando Ramírez 0-0: Ball
1-0: Ball
2-0: Ball
3-0: Called Strike
3-1: Foul Ball, location: 2F
3-2: Reaches on Catchers interference
Seishiro Nishimura to third
Juan Cabrera to second
Batting: RHB Joey Jones 0-0: Ball
1-0: Ball
2-0: Foul Ball, location: 2F
2-1: DOUBLE (Line Drive, 3L)
Seishiro Nishimura scores
Juan Cabrera scores
Fernando Ramírez to third
Pitching: RHP Javier Dávila
Batting: RHB Sancho Balderas 0-0: Ball
1-0: SINGLE (Groundball, 25) (infield hit)
Batting: RHB Nate Cates 0-0: Ball
1-0: Ball
2-0: Ball
3-0: Base on Balls
Fernando Ramírez scores
Joey Jones to third
Sancho Balderas to second
Batting: RHB Chriss Mann 0-0: Ball
1-0: Ball
2-0: Called Strike
2-1: Ball
3-1: Base on Balls
Joey Jones scores
Sancho Balderas to third
Nate Cates to second
Batting: LHB Eduardo Álvarez 0-0: Foul Ball, location: 2F
0-1: Foul Ball, location: 2F
0-2: Ball
1-2: Ball
2-2: Ball
3-2: Strikes out swinging
Batting: SHB Seishiro Nishimura 0-0: Called Strike
0-1: Ground out 3-1 (Groundball, 34S)
Top of the 10th over - 4 run(s), 2 hit(s), 1 error(s), 3 left on base; Richardson City 10 - Chicago 6
BOTTOM OF THE 10TH
Chicago Gold Sox batting - Pitching for Richardson City Thundercats : LHP Javier Ramírez
Batting: LHB William Wise 0-0: Ball
1-0: Foul Ball, location: 2F
1-1: Ball
2-1: Foul Ball, location: 2F
2-2: Ball
3-2: Foul Ball, location: 2F
3-2: Strikes out looking
Batting: RHB Brady Ferris 0-0: Ball
1-0: Ball
2-0: Ball
3-0: Base on Balls
Batting: LHB Noel Ballard 0-0: Foul Ball, location: 2F
0-1: Foul Ball, location: 2F
0-2: Ball
1-2: Fielders Choice at 2nd, 6-4 (Groundball, 6)
Batting: LHB Eddie Flynn 0-0: Swinging Strike
0-1: Swinging Strike
0-2: Ball
1-2: Ball
2-2: Strikes out looking
Bottom of the 10th over - 0 run(s), 0 hit(s), 0 error(s), 1 left on base; Richardson City 10 - Chicago 6
This league is powered by Out of the Park Baseball, the baseball management simulation game for PC, Mac and Linux
Monday, October 3rd, 2016 - OOTP Baseball 16.9 Build 39